 Dungeon Crawl Stone Soup version 0.25-a0-71-ge910a4a (webtiles) character file.

Game seed: 1581374167448081956, levelgen mode: deterministic

138 BisonMan the Slasher (level 5, -3/39 HPs)
             Began as a Demonspawn Gladiator on Nov 4, 2019.
             Killed by nerve-wracking pain
             ... invoked by Jessica
              (13 damage)
             ... on level 3 of the Dungeon.
             The game lasted 00:02:41 (3455 turns).

BisonMan the Slasher (Demonspawn Gladiator)         Turns: 3455, Time: 00:02:41

Health: -3/39      AC:  6    Str: 14    XL:     5   Next: 1%
Magic:  5/5        EV: 13    Int: 10    God:
Gold:   142        SH:  0    Dex: 15    Spells: 4/4 levels left

rFire    . . .     SeeInvis .   a - +0 long sword
rCold    . . .     Gourm    .   (no shield)
rNeg     . . .     Faith    .   b - +0 leather armour
rPois    .         Spirit   .   c - +0 helmet
rElec    .         Reflect  .   (no cloak)
rCorr    .         Harm     .   (no gloves)
MR       .....                  (no boots)
Stlth    +++.......             (no amulet)
HPRegen  0.13/turn              (no ring)
MPRegen  0.09/turn              (no ring)

@: no status effects
A: claws 1, slimy green scales 1, nightstalker 1
a: no special abilities


You were on level 3 of the Dungeon.
You were very hungry.

You visited 1 branch of the dungeon, and saw 3 of its levels.

You collected 142 gold pieces.

Inventory:

Hand Weapons
 a - a +0 long sword (weapon)
Missiles
 d - 3 throwing nets (quivered)
Armour
 b - a +0 leather armour (worn)
 c - a +0 helmet (worn)
Scrolls
 e - 2 scrolls of magic mapping {unknown}
 i - 4 scrolls of identify {unknown}
 l - a scroll of teleportation {unknown}
 n - a scroll of immolation {unknown}
Potions
 g - a potion of haste {unknown}
 h - a potion of resistance {unknown}
 j - a potion of berserk rage
 k - 2 potions of magic {unknown}
 m - a potion of curing {unknown}
Comestibles
 f - 5 rations


   Skills:
 * Level 2.4 Fighting
 * Level 3.7 Long Blades
 * Level 2.3 Throwing
 * Level 1.4 Armour
 * Level 3.2 Dodging
 * Level 1.1 Stealth


You had 4 spell levels left.
You didn't know any spells.
Your spell library was empty.

Dungeon Overview and Level Annotations

Branches:
Dungeon (3/15)

Altars:
Elyvilon

Annotations:
D:3 Jessica


Innate Abilities, Weirdness & Mutations

You have sharp fingernails.
You are partially covered in slimy green scales. (AC +2)
You are slightly more attuned to the shadows.


Message History

You barely miss Jessica. Jessica barely misses you.
You riposte.
You barely miss Jessica. Jessica hits you.
* * * LOW HITPOINT WARNING * * *
You hit Jessica but do no damage.
Jessica shouts, "You are a ghastly nuisance!"
Jessica closely misses you.
You hit Jessica but do no damage. Jessica hits you but does no damage.
You barely miss Jessica. Jessica hits you but does no damage.
You slash Jessica!
Jessica is severely wounded.
Jessica hits you.
* * * LOW HITPOINT WARNING * * *
You hit Jessica.
Jessica is almost dead.
Jessica hits you but does no damage. Jessica closely misses you.
You closely miss Jessica.
Jessica is almost dead.
Jessica casts a spell at you. Pain shoots through your body!
You die...

########## #.# #.#
#.# #######.##
#########
#........###
...(....#
#.#####..... ###.##
#...#.###........###
......
#.#..............###
###.##
#..@#.###........).)
##@##.# #........###
#. #.# #........###
.. ..# #######.....
##. ### #.#### ..
#+# ..


You could see Jessica.

Vanquished Creatures
  An orc priest (D:3)
  An orc wizard (D:3)
  A worm (D:2)
  2 dart slugs
  3 leopard geckos
  9 orcs (D:3)
  8 goblins
  4 hobgoblins
  10 jackals
  2 quokkas (D:3)
  3 bats
  3 frilled lizards
  2 kobolds (D:1)
  9 rats
58 creatures vanquished.

Notes
Turn   | Place    | Note
-------+----------+-------------------------------------------
     0 | D:1      | BisonMan the Demonspawn Gladiator began the quest for the
                  | Orb.
     0 | D:1      | Reached XP level 1. HP: 16/16 MP: 1/1
   637 | D:1      | Gained mutation: You are slightly more attuned to the
                  | shadows. [demonic ancestry]
   637 | D:1      | Reached XP level 2. HP: 18/22 MP: 2/2
  1351 | D:2      | Found a white marble altar of Elyvilon.
  1446 | D:2      | Found a white marble altar of Elyvilon.
  1563 | D:2      | Gained mutation: You have sharp fingernails. [demonic
                  | ancestry]
  1563 | D:2      | Reached XP level 3. HP: 27/27 MP: 3/3
  2329 | D:3      | Reached skill level 1 in Armour
  2329 | D:3      | Gained mutation: You are partially covered in slimy green
                  | scales. (AC +2) [demonic ancestry]
  2329 | D:3      | Reached XP level 4. HP: 6/34 MP: 4/4
  2850 | D:3      | Reached skill level 1 in Stealth
  3282 | D:3      | Reached XP level 5. HP: 39/39 MP: 5/5
  3444 | D:3      | Noticed Jessica
  3455 | D:3      | Killed from afar by Jessica

Levels and vault maps discovered:
D:1:      zaba_arrival_water, layout_loops_corners, glass_columns_a,
          minmay_misc_feat_alley, lemuel_old_faithful
D:2:      layout_basic, overflow_temple_1_default, elyvilon_altar_5
D:3:      layout_loops_corners, first_ration, minmay_misc_feat_columns,
          uniq_natasha, uniq_jessica, uniq_terence

Skill      XL: |  1  2  3  4 |
---------------+-------------+-----
Long Blades    | 3 |  3.7
Dodging        | 3 |  3.2
Throwing       | 2 |  2.3
Armour         | 1 |  1.4
Stealth        | 1 |  1.1
Fighting       | |  2.4

Action                   |  1- 3 |  4- 6 || total
-------------------------+-------+-------++-------
Melee: Long sword        |   119 |    70 ||   189
  Use: Potion            |       |     1 ||     1
 Stab: Sleeping          |     5 |     3 ||     8
  Eat: Chunk             |     5 |     2 ||     7
Armor: Leather armour    |    36 |    18 ||    54
Dodge: Dodged            |    78 |    39 ||   117
       Rpst.: Long sword |    21 |    12 ||    33

Table legend:
 A = Non-vault XP
 B = Vault XP
 C = Vault XP percentage of total XP
 D = Non-vault monster count
 E = Vault monster count
 F = Vault count percentage of total count
                 A         B        C        D         E       F
            +---------+---------+-------+---------+---------+-------
      Total |     198 |       0 |   0.0 |      58 |       0 |   0.0
            +---------+---------+-------+---------+---------+-------
        D:1 |      28 |       0 |   0.0 |      17 |       0 |   0.0
        D:2 |      39 |       0 |   0.0 |      18 |       0 |   0.0
        D:3 |     131 |       0 |   0.0 |      23 |       0 |   0.0
            +---------+---------+-------+---------+---------+-------
